 Dungeon Crawl Stone Soup version 0.31.0-11-ge490571c62 (webtiles) character file.

Game seed: 18083875242921010265

117 thirtiethelement the Slasher (level 4, -1/55 HPs)
             Began as a Demonspawn Berserker on Jan 28, 2024.
             Was a Believer of Trog.
             Slain by an orc
             ... wielding a +0 dagger
              (3 damage)
             ... on level 3 of the Dungeon.
             The game lasted 00:02:30 (1649 turns).

thirtiethelement the Slasher (Demonspawn Berserker) Turns: 1649, Time: 00:02:30

Health: -1/55      AC: 10    Str: 17    XL:     4   Next: 71%
Magic:  4/4        EV:  5    Int:  8    God:    Trog [**....]
Gold:   131        SH:  0    Dex: 14    Spells: 3/3 levels left

rFire   . . .        a - +0 falchion
rCold   . . .        (no shield)
rNeg    . . .        e - +0 plate armour
rPois   .            (helmet restricted)
rElec   .            (no cloak)
rCorr   .            (no gloves)
SInv    +            (no boots)
Will    +....        (no amulet) Stlth
                     h - ring of willpower
HPRegen 0.29/turn    j - ring of see invisible
MPRegen 0.09/turn

%: no passive effects
@: berserking, very quick
A: horns 1
a: Renounce Religion, Berserk, Trog's Hand


You were on level 3 of the Dungeon.
You worshipped Trog.
Trog was pleased with you.
You visited 1 branch of the dungeon, and saw 3 of its levels.

You collected 131 gold pieces.

Inventory:

Hand Weapons
 a - a +0 falchion (weapon)
Armour
 e - a +0 plate armour (worn)
Jewellery
 h - a ring of willpower (left hand)
 j - a ring of see invisible (right hand)
Scrolls
 c - a scroll of fear {unknown}
 d - a scroll of immolation {unknown}
Potions
 b - 2 potions of lignification {unknown}
 f - a potion of heal wounds {unknown}
 g - a potion of mutation {unknown}
 i - a potion of magic {unknown}


   Skills:
 + Level 3.7 Fighting
 + Level 4.0 Long Blades
 + Level 2.1 Armour
 + Level 2.3 Dodging


You had 3 spell levels left.
You didn't know any spells.
Your spell library was empty.

Dungeon Overview and Level Annotations

Branches:
Dungeon (3/15)

Altars:

Shops:
D:1 (


Innate Abilities, Weirdness & Mutations

You have a pair of small horns on your head.


Message History

You are too injured to fight recklessly!
You are too injured to fight recklessly!
You are too injured to fight recklessly!
You are too injured to fight recklessly!
You are too injured to fight recklessly!
You are too injured to fight recklessly!
You are too injured to fight recklessly!
You are too injured to fight recklessly!
You are too injured to fight recklessly!
You are too injured to fight recklessly!
You are too injured to fight recklessly!
Unknown command.
You hit the orc wizard but do no damage.
You headbutt the orc wizard.
You kill the orc wizard!
Trog accepts your kill.
Trog appreciates your killing of a magic user.
The orc barely misses you. The orc hits you with a +0 hand axe.
* * * LOW HITPOINT WARNING * * *
Your Long Blades skill increases to level 4!
You hit the orc. Your headbutt misses the orc.
The orc is lightly wounded.
The orc hits you but does no damage. x2
You hit the orc but do no damage. You headbutt the orc, but do no damage.
The orc is lightly wounded.
The orc hits you with a +0 hand axe.
* * * LOW HITPOINT WARNING * * *
The orc hits you but does no damage. The orc attacks as it pursues you!
The orc hits you but does no damage.
A red film seems to cover your vision as you go berserk!
You feel yourself moving faster!
You feel mighty! The orc hits you but does no damage.
The orc hits you with a +0 dagger.
* * * LOW HITPOINT WARNING * * *
You slash the orc!
You kill the orc!
Trog accepts your kill. The orc hits you but does no damage.
You completely miss the orc. Your headbutt misses the orc.
The orc hits you with a +0 dagger.
You die...

#.... ... #.><. ..
#####...# ....
........##.#.#
##.........#.#
.............#
#....)......#
##..)##...#
##...o@....#
.............#
.###.#.###.†########
#.#..............
#.#####...#######
#.# #...# #.# #...#
# #.# #...#
#.###.#####...#


You could see an orc.

Vanquished Creatures
  An orc wizard (D:3)
  4 adders
  3 dart slugs (D:1)
  An orc (D:3)
  3 endoplasms
  5 giant cockroaches (D:1)
  5 goblins
  4 hobgoblins (D:1)
  3 quokkas
  5 ball pythons
  11 bats
  2 frilled lizards
  3 rats
50 creatures vanquished.

Notes
Turn   | Place    | Note
-------+----------+-------------------------------------------
     0 | D:1      | thirtiethelement the Demonspawn Berserker began the quest
                  | for the Orb.
     0 | D:1      | Reached XP level 1. HP: 18/18 MP: 1/1
     6 | D:1      | Noticed a mana viper
     6 | D:1      | Noticed a wyvern
     6 | D:1      | Noticed a brain worm
     7 | D:1      | Noticed an iguana
     7 | D:1      | Noticed a hound
   152 | D:1      | Gained mutation: You have a pair of small horns on your
                  | head. [demonic ancestry]
   152 | D:1      | Reached XP level 2. HP: 19/24 MP: 2/2
   221 | D:1      | Reached skill level 3 in Long Blades
   321 | D:1      | Reached ** piety under Trog
   345 | D:1      | Found Dugosh's Weapon Shop.
   428 | D:1      | Reached XP level 3. HP: 29/29 MP: 3/3
  1318 | D:2      | Reached XP level 4. HP: 32/35 MP: 4/4
  1399 | D:2      | Found a faded altar of an unknown god.
  1644 | D:3      | Reached skill level 4 in Long Blades
  1647 | D:3      | HP: 1/55 [orc/+0 dagger (3)]
  1649 | D:3      | Slain by an orc

Illustrated notes

Levels and vault maps discovered:
D:1:      onia_arrival_zoo_common, layout_loops_corners, serial_shops, shop,
          minmay_worlds_worst_comb
D:2:      layout_rooms, shapermc_ecumenical_altar_notcrosses
D:3:      layout_loops_ring, zin_treasury, nicolae_elyvilon_temple_path

Skill      XL: |  1  2  3  4 |
---------------+-------------+-----
Dodging        | 2 |  2.3
Long Blades    | 3 4 |  4.0
Armour         | 2 |  2.1
Fighting       | |  3.7

Action                     |  1- 3 |  4- 6 || total
---------------------------+-------+-------++-------
  Melee: Falchion          |   123 |    28 ||   151
         Headbutt          |    11 |     6 ||    17
 Invoke: Berserk           |       |     1 ||     1
 Armour: Animal skin       |     8 |       ||     8
         Plate armour      |   118 |    49 ||   167
         Ring mail         |     3 |       ||     3
  Dodge: Dodged            |    57 |     4 ||    61
